AoeStats
← small_rain_111

Arabia

510728523Analyzed
3v3 RM · 23h ago on Oct 2, 2026· 28m 26s· 6 players
Game mode
Random Map
Map size
Normal (6 player)
Population
200
Speed
Normal
Resources
Standard
Victory
Conquest
Starting age
Dark Age
Ending age
Imperial Age
RankedLock teamsTeams togetherTeam positionsShared explorationLock speedFull tech treeHidden civsTurbo modeCheats
Victory
Defeat
🇨🇱 Franks · Chile
1345
+7
🇦🇷 Italians · Argentina
1110
+16
🇦🇷 Khmer · Argentina
1067
+16
🇨🇳 Burgundians · China
1132
-14
🇸🇮 Turks · Slovenia
1116
-13
🇨🇳 Spanish · China
1075
-12
番茄没有酒
3:38 Loom
11:04 Feudal Age
11:23 Double-Bit Axe
15:14 Castle Age
13:34 Stone Mining
13:46 Horse Collar
14:45 Bow Saw
15:19 Heavy Plow
17:33 Gold Mining
19:18 Wheelbarrow
21:07 Gold Shaft Mining
21:49 Town Watch
23:50 Hand Cart
25:03 Scale Barding Armor
27:00 Burgundian Vineyards
28:41 Crop Rotation
28:43 Fletching
pr!x`
11:25 Feudal Age
11:29 Loom
17:22 Bloodlines
28:05 Castle Age
small_rain_111
6:29 Loom
10:25 Feudal Age
10:57 Man-at-Arms
14:37 Fletching
23:27 Castle Age
21:23 Double-Bit Axe
23:56 Padded Archer Armor
23:42 Pikeman
semarch98
10:49 Feudal Age
9:05 Loom
11:41 Double-Bit Axe
16:46 Scale Barding Armor
18:11 Gold Mining
21:50 Castle Age
21:30 Forging
23:57 Wheelbarrow
24:35 Husbandry
Gabo
10:26 Feudal Age
10:55 Loom
18:11 Castle Age
22:10 Crossbowman
El Biglie
6:02 Loom
8:32 Feudal Age
9:27 Double-Bit Axe
12:58 Fletching
14:00 Horse Collar
18:55 Padded Archer Armor
23:49 Castle Age
24:37 Wheelbarrow
23:56 Gold Mining
23:58 Crossbowman
25:05 Bodkin Arrow
26:16 Bow Saw
26:46 Leather Archer Armor
27:33 Heavy Plow
28:34 Thumb Ring
Connection lost

Rejoining the realm…

Still unreachable

The connection could not be restored.

Session expired

The server has moved on; the page needs a fresh start.